 Dungeon Crawl Stone Soup version 0.23.1 (webtiles) character file.

Game seed: 4222582978608553397

7112 Chiseanne the Fighter (level 10, -2/94 HPs)
             Began as a Minotaur Monk on Mar 5, 2019.
             Was a High Priest of Makhleb.
             Killed from afar by a hellion (22 damage)
             ... with damnation
             ... on level 1 of the Abyss.
             The game lasted 00:26:34 (8098 turns).

Chiseanne the Fighter (Minotaur Monk)               Turns: 8098, Time: 00:26:35

Health: -2/94      AC: 16    Str: 16    XL:     10   Next: 85%
Magic:  0/23       EV: 17    Int:  3    God:    Makhleb [*****.]
Gold:   333        SH:  8    Dex: 23    Spells: 9/9 levels left

rFire    . . .     SeeInvis .   a - +3 short sword (speed)
rCold    + + .     Gourm    .   M - +1 buckler {rC+}
rNeg     + . .     Faith    +   y - +5 ring mail {rC+}
rPois    .         Spirit   +   (helmet restricted)
rElec    .         Reflect  .   C - scarf {Spirit}
rCorr    +         Harm     .   H - +0 pair of gloves of a Gauntlet {rN+ rCorr Int-4 Dex+7}
MR       .....                  l - +1 pair of boots
Stlth    ++........             z - amulet of faith
HPRegen  0.25/turn              P - +3 ring of evasion
MPRegen  0.18/turn              i - ring of magical power

@: about to teleport
A: retaliatory headbutt, horns 2
a: Minor Destruction, Lesser Servant of Makhleb, Major Destruction, Greater
Servant of Makhleb, Renounce Religion


You were on level 1 of the Abyss.
You worshipped Makhleb.
Makhleb was extremely pleased with you.
You were full.

You visited 2 branches of the dungeon, and saw 10 of its levels.
You visited the Abyss 1 time.

You collected 459 gold pieces.
You spent 126 gold pieces at shops.

Inventory:

Hand Weapons
 a - a +3 short sword of speed (weapon)
 s - a +2 dagger of venom
 E - a +0 blowgun
 G - a +4 club
 L - a +1 whip of electrocution
Missiles
 d - 247 stones
 e - 11 javelins (quivered)
 n - 43 sling bullets
 o - 37 poisoned needles
 p - 217 arrows
 r - 24 tomahawks
 t - 4 needles of sleeping
 x - 5 poisoned tomahawks
 D - 5 throwing nets
Armour
 l - a +1 pair of boots (worn)
 q - a +2 hat
 y - a +5 ring mail of cold resistance (worn)
 C - a scarf of spirit shield (worn)
 H - the +0 pair of gloves of a Gauntlet (worn) {rN+ rCorr Int-4 Dex+7}
   (You acquired it on level 8 of the Dungeon)

   It affects your intelligence (-4).
   It affects your dexterity (+7).
   It protects you from negative energy.
   It provides partial protection from all sources of acid and corrosion.
 M - a +1 buckler of cold resistance (worn)
Jewellery
 i - a ring of magical power (right hand)
 z - an amulet of faith (around neck)
 F - a +4 ring of intelligence
 I - an uncursed ring of positive energy
 K - a +5 ring of dexterity
 P - a +3 ring of evasion (left hand)
Wands
 b - a wand of flame (58)
 m - a wand of digging (10)
 O - a wand of random effects (14)
 Q - a wand of paralysis (7)
Scrolls
 h - 7 scrolls of remove curse
 k - 2 scrolls of amnesia
 v - 2 scrolls of fog
 w - 3 scrolls of teleportation
Potions
 f - a potion of heal wounds
 g - 2 potions of might
 j - a potion of mutation
 u - 2 potions of brilliance
 A - 3 potions of agility
 B - a potion of curing
 J - a potion of cancellation
 N - a potion of haste
 S - a potion of magic
Comestibles
 c - 17 rations


   Skills:
 * Level 10.9 Fighting
   Level 4.5 Axes
 * Level 10.3 Armour
 - Level 4.6 Dodging
 - Level 1.5 Stealth
 * Level 8.8 Shields
 * Level 7.6 Invocations


You had 9 spell levels left.
You didn't know any spells.
Your spell library contained the following spells:

 Spells                   Type           Power        Failure   Level  Hunger
 Animate Skeleton         Necr           N/A          71%         1    ##.....
 Apportation              Tloc           #.....       71%         1    ##.....
 Confusing Touch          Hex            #.....       71%         1    ##.....
 Summon Small Mammal      Summ           #...         71%         1    ##.....


Dungeon Overview and Level Annotations

Branches:
Dungeon (9/15)             Temple (1/1) D:4
   Lair: D:8-11         Orc: D:9-12

Altars:
Cheibriados
Elyvilon
Fedhas
Gozag
Kikubaaqudgha
Makhleb
Okawaru
Qazlal
Ru
Sif Muna
Uskayaw
Vehumet
Wu Jian
Xom
Zin

Shops:
D:4 [

Annotations:
D:9 Erolcha


Innate Abilities, Weirdness & Mutations

You reflexively headbutt those who attack you in melee.
You have a pair of horns on your head.


Message History

You block the hellion's attack.
You hit the hellion.
The hellion is severely wounded.
The hellion gestures at you.
The sphere of damnation explodes!
The damnation engulfs you!
The damnation engulfs the hellion.
The hellion completely resists.
You barely miss the hellion.
You headbutt the hellion, but do no damage.
The hellion is severely wounded.
The hellion gestures at you.
The sphere of damnation explodes!
The damnation engulfs you!!!
* * * LOW HITPOINT WARNING * * *
The damnation engulfs the hellion.
The hellion completely resists.
You hit the hellion but do no damage. You headbutt the hellion.
The hellion is almost dead.
You hit the hellion.
The hellion is almost dead.
The hellion gestures at you.
The sphere of damnation explodes!
The damnation engulfs you!!
You die...

#### . #. ##...#
# ##.# #....##.
#
.....##.#....#.#
#.........#.###
#........%...
#...@..#
#...2#.# ###.###
# .#...# .
#....#.# .
##§.#. ## . .
#.§ ..## . ..#
##. ##. . . ..
.# . . #


You could see a hellion.

Vanquished Creatures
  Harold (D:7)
  Pikel (D:7)
  A manticore (D:9)
  A kobold demonologist (D:8)
  A hippogriff (D:8)
  An ettin skeleton (Abyss:1)
  A hungry ghost (D:7)
  A steam dragon (D:9)
  Menkaure (D:7)
  2 ice beasts
  An orc warrior (D:7)
  2 black bears (D:7)
  2 slaves (D:7)
  3 phantoms
  10 ogres
  3 centaurs
  A crocodile (D:9)
  9 big kobolds
  A bullfrog (D:6)
  A gnoll sergeant (D:7)
  12 killer bees
  4 crimson imps
  2 centaur skeletons
  4 orc priests
  A jelly (D:6)
  A gnoll shaman (D:4)
  3 hounds
  An iron imp (Abyss:1)
  2 bullfrog skeletons
  2 iguanas
  Ijyb (D:4)
  7 orc wizards
  4 worker ants
  4 small abominations (Abyss:1)
  A hound zombie (D:6)
  8 gnolls
  11 adders
  A shadow imp (D:6)
  2 oozes
  An adder zombie (D:5)
  A worm (D:5)
  3 dart slugs
  6 leopard geckos
  19 orcs
  6 giant cockroaches
  13 hobgoblins
  7 jackals
  23 kobolds
  2 quokkas
  A ball python (D:3)
  7 bats
  4 frilled lizards
  9 goblins
  A quokka skeleton (D:7)
  9 rats
227 creatures vanquished.

Vanquished Creatures (others)
  A large abomination (Abyss:1)
  2 slaves (D:7)
  2 gnolls (D:7)
  A quokka (D:7)
6 creatures vanquished.

Grand Total: 233 creatures vanquished

Notes
Turn   | Place    | Note
-------+----------+-------------------------------------------
     0 | D:1      | Chiseanne the Minotaur Monk began the quest for the Orb.
     0 | D:1      | Reached XP level 1. HP: 19/19 MP: 0/0
    90 | D:1      | Reached XP level 2. HP: 17/26 MP: 1/1
   867 | D:1      | Reached XP level 3. HP: 31/31 MP: 2/2
  1328 | D:2      | Reached skill level 1 in Armour
  1511 | D:2      | Noticed a phantom
  1518 | D:2      | Noticed a phantom
  1528 | D:2      | Reached XP level 4. HP: 40/40 MP: 3/3
  1579 | D:2      | Killed a phantom
  1579 | D:2      | Reached XP level 5. HP: 31/47 MP: 4/4
  1605 | D:2      | Killed a phantom
  1605 | D:2      | Reached skill level 5 in Fighting
  2089 | D:3      | Reached XP level 6. HP: 56/56 MP: 5/5
  2640 | D:4      | Found a staircase to the Ecumenical Temple.
  2665 | Temple   | Entered the Ecumenical Temple
  2800 | Temple   | Became a worshipper of Makhleb the Destroyer
  2800 | Temple   | Reached * piety under Makhleb
  2800 | Temple   | Reached ** piety under Makhleb
  3024 | D:4      | Found Angeonuu's Armour Shop.
  3031 | D:4      | Bought a scarf of spirit shield for 126 gold pieces
  3193 | D:4      | Reached skill level 1 in Invocations
  3366 | D:4      | Reached skill level 5 in Armour
  3366 | D:4      | Reached XP level 7. HP: 48/64 MP: 7/7
  3471 | D:4      | Reached skill level 1 in Shields
  3730 | D:5      | Entered Level 5 of the Dungeon
  3758 | D:5      | Noticed Ijyb
  3894 | D:4      | Killed Ijyb
  3972 | D:5      | Reached XP level 8. HP: 68/73 MP: 9/9
  4598 | D:6      | Found an opulent altar of Gozag.
  4762 | D:6      | Reached *** piety under Makhleb
  4777 | D:6      | Found a glowing silver altar of Zin.
  5407 | D:7      | Noticed Pikel
  5463 | D:7      | Killed Pikel
  5463 | D:7      | Reached skill level 5 in Shields
  5463 | D:7      | Reached skill level 5 in Invocations
  5463 | D:7      | Reached XP level 9. HP: 69/82 MP: 11/11
  5679 | D:7      | Reached **** piety under Makhleb
  6120 | D:7      | Noticed Menkaure
  6124 | D:7      | Noticed Harold
  6333 | D:7      | Killed Menkaure
  6498 | D:7      | Found an iron altar of Okawaru.
  6498 | D:7      | Found a stormy altar of Qazlal.
  6544 | D:7      | Killed Harold
  6544 | D:7      | Reached skill level 10 in Fighting
  6544 | D:7      | Reached XP level 10. HP: 86/93 MP: 13/13
  6943 | D:8      | Reached ***** piety under Makhleb
  6978 | D:8      | Found a hide-covered altar of Uskayaw.
  7129 | D:8      | Found a sacrificial altar of Ru.
  7130 | D:8      | Found a deep blue altar of Sif Muna.
  7130 | D:8      | Found a radiant altar of Vehumet.
  7130 | D:8      | Found a blossoming altar of Fedhas.
  7136 | D:8      | Found an ornate altar of the Wu Jian Council.
  7136 | D:8      | Found a snail-covered altar of Cheibriados.
  7228 | D:8      | Identified a scroll of acquirement
  7229 | D:8      | Got a pair of shimmering gloves
  7240 | D:8      | Identified the +0 pair of gloves of a Gauntlet {rN+ rCorr
                  | Int-4 Dex+7} (You acquired it on level 8 of the Dungeon)
  7364 | D:9      | Noticed a manticore
  7379 | D:9      | Killed a manticore
  7407 | D:9      | Reached skill level 10 in Armour
  7602 | D:9      | Found a white marble altar of Elyvilon.
  7613 | D:9      | Noticed Erolcha
  7624 | D:9      | Cast into level 1 of the Abyss (Erolcha)
  7739 | Abyss:1  | Noticed a +2 vampiric hand axe
  7829 | Abyss:1  | Found a corrupted altar of Lugonu.
  7944 | Abyss:1  | Noticed a guardian serpent
  8091 | Abyss:1  | Killed a large abomination
  8098 | Abyss:1  | Killed from afar by a hellion

Skill      XL: |  1  2  3  4  5  6  7  8  9 10 |
---------------+-------------------------------+-----
Axes           | 4 |  4.5
Dodging        | 4 |  4.6
Armour         | 1 2 4 5 6 7 9 10 | 10.3
Fighting       | 4 5 6 7 8 10 | 10.9
Invocations    | 1 2 5 6 7 |  7.6
Shields        | 2 5 7 8 |  8.8
Stealth        | |  1.5

Action                   |  1- 3 |  4- 6 |  7- 9 | 10-12 || total
-------------------------+-------+-------+-------+-------++-------
Melee: Hand axe          |    53 |       |       |       ||    53
       Headbutt          |    14 |    25 |   106 |    93 ||   238
       Short sword       |    25 |   169 |   408 |   263 ||   865
Throw: Javelin           |       |    10 |     3 |       ||    13
       Stone             |       |     3 |       |       ||     3
Evoke: Wand              |       |       |     1 |       ||     1
  Use: Scroll            |     7 |     5 |     9 |     5 ||    26
       Potion            |       |       |     1 |       ||     1
 Stab: Sleeping          |       |       |     4 |       ||     4
  Eat: Chunk             |     2 |     6 |    12 |     3 ||    23
       Ration            |       |       |       |     2 ||     2
Armor: Robe              |     5 |       |       |       ||     5
       Scale mail        |    10 |       |       |       ||    10
       Chain mail        |    15 |   100 |       |       ||   115
       Ring mail         |       |     3 |   129 |    77 ||   209
Dodge: Dodged            |    32 |    62 |   206 |   112 ||   412
Block: Buckler           |       |       |   138 |    92 ||   230
